 Dungeon Crawl Stone Soup version 0.28-a0-1152-g9c71ebef14 (webtiles) character file.

Game seed: 16631207014492973892

88 spaghetti the Skirmisher (level 4, -2/39 HPs)
             Began as a Mummy Delver on Dec 14, 2021.
             Was an Initiate of Okawaru.
             Slain by an iguana (7 damage)
             ... on level 5 of the Dungeon.
             The game lasted 00:01:58 (1665 turns).

spaghetti the Skirmisher (Mummy Delver)             Turns: 1665, Time: 00:01:59

Health: -2/39      AC:  3    Str: 17    XL:     4   Next: 30%
Magic:  4/4        EV: 11    Int:  9    God:    Okawaru [......]
Gold:   30         SH:  0    Dex: 13    Spells: 3/3 levels left

rFire   x . .      SeeInvis .   p - +0 long sword (elec) {long}
rCold   + . .      Faith    .   (no shield)
rNeg    + + +      Spirit   .   b - +0 leather armour
rPois   ∞          Reflect  .   (no helmet)
rElec   .          Harm     .   (no cloak)
rCorr   .          Rampage  .   (no gloves)
Will    .....                   (no boots)
Stlth   ++........              (no amulet)
HPRegen 0.13/turn               (no ring)
MPRegen 0.09/turn               (no ring)

@: no status effects
A: cold resistance 1, negative energy resistance 3, torment resistance 2, heat
vulnerability 1, no potions
a: Renounce Religion


You were on level 5 of the Dungeon.
You worshipped Okawaru.
Okawaru was noncommittal.
You visited 2 branches of the dungeon, and saw 4 of its levels.

You collected 30 gold pieces.


Innate Abilities, Weirdness & Mutations

You are immune to poison.
Your flesh is cold resistant. (rC+)
You are immune to negative energy. (rN+++)
You are immune to unholy pain and torment.
You are vulnerable to heat. (rF-)
You do not drink.


   Skills:
 + Level 5.1 Fighting
 + Level 1.6 Long Blades
 - Level 1.5 Dodging
 - Level 4.1 Stealth


You had 3 spell levels left.
You didn't know any spells.
Your spell library was empty.

Inventory:

Hand Weapons
 a - a +0 falchion {long}
 p - a +0 long sword of electrocution (weapon) {long}
   (You found it on level 4 of the Dungeon)
Missiles
 e - 36 arrows
 g - 14 sling bullets
 h - 31 stones (quivered) {throwing}
 m - 39 bolts
Armour
 b - a +0 leather armour (worn)
Magical Staves
 j - a staff of air {!astaff}
   (You found it on level 4 of the Dungeon)
 n - a staff of poison {!astaff}
   (You found it on level 4 of the Dungeon)
Jewellery
 k - a ring of ice
   (You found it on level 4 of the Dungeon)
 o - a ring of see invisible
   (You found it on level 4 of the Dungeon)
Wands
 f - a wand of digging (3)
 i - a wand of paralysis (7)
   (You found it on level 4 of the Dungeon)
Scrolls
 c - a scroll of fog
 d - a scroll of magic mapping {!r}
 l - a scroll of teleportation {@r4}

Dungeon Overview and Level Annotations

Branches:
Dungeon (5/15)             Temple (1/1) D:4

Altars:
Ashenzari
Dithmenos
Elyvilon
Fedhas
Hepliaklqana
Kikubaaqudgha
Nemelex Xobeh
Okawaru
Qazlal
Sif Muna
Uskayaw
Vehumet
Wu Jian
Xom
Yredelemnul

..# # ...## #. . .... .....
.... ....... #..... ......##
#........ #.....# ........
........# ... ..# #.......
#.......##l# .....#.......
#.......#@.#..............
#.........................
..........###.............
...........###....#.#.......
......#....#......#.#.......
.....##.............#......
....###..#.....##..#......
#..###..#...###..........
###.......##..#.#....<.....


You could see an iguana.


Message History

You can't see that place. [the floor.]
There is an open door here.
There is an open door here.
There is an iron altar of Okawaru here.
You kneel at the altar of Okawaru.
Okawaru welcomes you!
Unknown command.
Press < or > to pray at altars.
Unknown command.
Press < or > to pray at altars.
(D) Dungeon (T) Temple
Where to? (Enter - Temple @ (x,y), ? - help)
There is an open door here.
There is a staircase back to the Dungeon here.
You climb upwards.
There is a staircase to the Ecumenical Temple here.
Unknown command.
Unknown command.
Unknown command.
Found an ornate altar of the Wu Jian Council.
p - a +0 long sword of electrocution {long} You hear the crackle of electricity.
p - a +0 long sword of electrocution (weapon)
{long} Unknown command.
Setting a skill training target for Long Blades at 14.0.
Unknown command.
Unknown command.
A worm is nearby!
No target in view!
No target in view!
No target in view!
No target in view!
No target in view!
No target in view!
No target in view!
No target in view!
No target in view!
You hit the worm. Lightning courses through the worm!
You kill the worm!
Okawaru accepts your kill.
No target in view!
No target in view!
No target in view!
No target in view!
No target in view!
No target in view!
No target in view!
No target in view!
No target in view!
No target in view!
No target in view!
You see here a worm corpse.
You see here a +0 club {mace}.
You see here a +0 club {mace}.
Found a basalt altar of Yredelemnul.
Done exploring.
Done exploring.
Done exploring.
(D) Dungeon (T) Temple
Where to? (Enter - D:4, ? - help)
There is a stone staircase leading down here.
You climb downwards.
There is a stone staircase leading up here.
Unknown command.
Unknown command.
Unknown command.
Found a stone staircase leading down.
m - 39 bolts (gained 23)
h - 31 stones {throwing} (gained 14)
An iguana comes into view.
The iguana hisses angrily.
The iguana moves out of view.
No target in view!
No target in view!
No target in view!
An iguana is nearby!
The iguana bites you. 😕 HP[-2]
You take 2 damage, and now have 37/39 hp.
You closely miss the iguana. The iguana bites you.
You hit the iguana but do no damage. The iguana bites you! 😮 HP[-10]
You take 10 damage, and now have 27/39 hp.
MASSIVE DAMAGE!! (PAUSE)
You hit the iguana but do no damage. The iguana barely misses you.
The iguana bites you. 😮 HP[-2]
You take 2 damage, and now have 25/39 hp.
You hit the iguana. The iguana closely misses you.
You barely miss the iguana. The iguana bites you!
* * * LOW HITPOINT WARNING * * *
😨 HP[-7]
You take 7 damage, and now have 18/39 hp.
Unknown command.
Unknown command.
You hit the iguana but do no damage. The iguana bites you!
* * * LOW HITPOINT WARNING * * *
The iguana bites you!
You die...

Skill      XL: |  1  2  3 |
---------------+----------+-----
Fighting       | 4 5 |  5.1
Long Blades    | |  1.6
Dodging        | |  1.5
Stealth        | |  4.1

Action                   |  1- 3 |  4- 6 || total
-------------------------+-------+-------++-------
Melee: Falchion          |    53 |     1 ||    54
       Long sword        |       |     7 ||     7
  Use: Scroll            |     3 |       ||     3
 Stab: Sleeping          |     1 |       ||     1
Armor: Leather armour    |    12 |       ||    12
Dodge: Dodged            |    41 |     2 ||    43

Levels and vault maps discovered:
D:3:      layout_loops_corners, uniq_robin
D:4:      layout_rooms, nicolae_kikubaaqudgha_miasma_corner,
          mainiacjoe_overflow_24_doors,
          mainiacjoe_overflow_concentric_impassable,
          lemuel_coloured_pillars_altar, minmay_temple_entry_grid,
          nrook_mini_vaults
D:5:      layout_cave_pools, kennysheep_generic_room_9
Temple:   minmay_temple_curvy_loop

Notes
Turn   | Place    | Note
-------+----------+-------------------------------------------
     0 | D:5      | spaghetti the Mummy Delver began the quest for the Orb.
     0 | D:5      | Reached XP level 1. HP: 18/18 MP: 1/1
     0 | D:5      | magus.rc [v1.9.6]
    24 | D:5      | Noticed a water moccasin
    71 | D:4      | Reached XP level 2. HP: 8/24 MP: 2/2
   320 | D:4      | Reached skill level 4 in Fighting
   320 | D:4      | Reached XP level 3. HP: 19/31 MP: 3/3
   807 | D:4      | Reached skill level 5 in Fighting
   807 | D:4      | Reached XP level 4. HP: 14/39 MP: 4/4
  1109 | D:4      | Found an ancient bone altar of Kikubaaqudgha.
  1129 | D:4      | Found a staircase to the Ecumenical Temple.
  1165 | Temple   | Entered the Ecumenical Temple
  1412 | Temple   | Became a worshipper of Warmaster Okawaru
  1450 | D:4      | Found an ornate altar of the Wu Jian Council.
  1600 | D:4      | Found a basalt altar of Yredelemnul.
  1665 | D:5      | HP: 5/39 [iguana (13)]
  1665 | D:5      | Slain by an iguana

Vanquished Creatures
  A howler monkey (D:4)
  A centaur skeleton (D:4)
  An adder (D:4)
  A worm (D:4)
  2 giant cockroaches (D:4)
  3 hobgoblins (D:4)
  A kobold (D:4)
10 creatures vanquished.

Table legend:
 A = Non-vault XP
 B = Vault XP
 C = Vault XP percentage of total XP
 D = Non-vault monster count
 E = Vault monster count
 F = Vault count percentage of total count
                 A         B        C        D         E       F
            +---------+---------+-------+---------+---------+-------
      Total |     127 |       0 |   0.0 |      10 |       0 |   0.0
            +---------+---------+-------+---------+---------+-------
        D:4 |     127 |       0 |   0.0 |      10 |       0 |   0.0
            +---------+---------+-------+---------+---------+-------

Illustrated notes

Table legend:
 A = Kills in this place as a percentage of kills in entire the game.
 B = Kills by you in this place as a percentage of kills by you in the entire game.
 C = Kills by friends in this place as a percentage of kills by friends in the entire game.
 D = Other kills in this place as a percentage of other kills in the entire game.
 E = Experience gained in this place as a percentage of experience gained in the entire game.
 F = Experience gained in this place divided by the number of levels of this place that you have seen.
                   A       B       C       D       E      F
               +-------+-------+-------+-------+-------+----------------------
         Total | 100.0 | 100.0 |   N/A |   N/A | 100.0 |  31.8
       Dungeon | 100.0 | 100.0 |   N/A |   N/A | 100.0 |  42.3
               +-------+-------+-------+-------+-------+----------------------

Table legend: (Time is in decaauts)
 A = Elapsed time spent in this place.
 B = Non-inter-level travel time spent in this place.
 C = Inter-level travel time spent in this place.
 D = Time resting spent in this place.
 E = Time spent auto-exploring this place.
 F = Levels seen in this place.
 G = Mean time per level.
                   A        B        C        D        E       F      G
               +--------+--------+--------+--------+--------+-----+--------+
         Total |   1679 |   1574 |    105 |    497 |    875 |   4 |  419.8 |
       Dungeon |   1402 |   1360 |     42 |    497 |    686 |   3 |  467.3 |
        Temple |    276 |    213 |     63 |      0 |    189 |   1 |  276.0 |
               +--------+--------+--------+--------+--------+-----+--------+

Top non-repeatable levels by time:
     D:4: 1259 daAuts
  Temple: 276 daAuts
     D:5: 105 daAuts
     D:3: 36 daAuts
